 Dungeon Crawl Stone Soup version 0.17-a0-1945-gfe993df (webtiles) character file.

485 derrpe the Poker (level 7, -1/50 HPs)
             Began as a Merfolk Skald on Oct 1, 2015.
             Slain by a water moccasin (2 damage)
             ... on level 5 of the Dungeon.
             The game lasted 00:06:53 (4841 turns).

derrpe the Poker (Merfolk Skald)                    Turns: 4841, Time: 00:06:54

Health: -1/50      AC:  7    Str: 14      XL:     7   Next: 13%
Magic:  9/10       EV: 10    Int: 12      God:
Gold:   149        SH:  0    Dex: 12 (13) Spells: 3 memorised, 4 levels left

rFire  + . .     SeeInvis .     n - +1 dagger (elec)
rCold  + . .     Clarity  .     r - +2 ring mail {rC+}
rNeg   . . .     SustAt   .     (no shield)
rPois  .         Gourm    .     w - +0 hat
rElec  .         Spirit   .     (no cloak)
rCorr  .         Warding  .     (no gloves)
rMut   .         Stasis   .     (no boots)
MR     .....                    (no amulet)
Stlth  +.........               (no ring)
                                q - ring of protection from fire

@: lethally poisoned (-1 -> -18), not resistant to hostile enchantments, very
unstealthy
A: change form in water, swift swim
a: no special abilities


You were on level 5 of the Dungeon.
You were not hungry.

You visited 1 branch of the dungeon, and saw 5 of its levels.

You collected 149 gold pieces.

Inventory:

Hand weapons
 a - a +0 spear
 n - a +1 dagger of electrocution (weapon)
 s - a +0 blowgun
Missiles
 t - 25 poisoned needles
Armour
 r - a +2 ring mail of cold resistance (worn)
 w - a +0 hat (worn)
Jewellery
 q - a ring of protection from fire (left hand)
Scrolls
 e - 3 scrolls of recharging {unknown}
 g - 4 scrolls of identify {unknown}
 i - a scroll of magic mapping {unknown}
 j - a scroll of noise {unknown}
 l - 2 scrolls of enchant armour {unknown}
 m - 2 scrolls of fear {unknown}
 o - a scroll of immolation {unknown}
 D - a scroll of remove curse {unknown}
Potions
 b - a potion of cancellation
 h - 2 potions of ambrosia {unknown}
 p - a potion of flight {unknown}
 u - a potion of mutation {unknown}
 v - a potion of berserk rage {unknown}
 A - a potion of agility {unknown}
 C - 2 potions of cure mutation {unknown}
Books
 c - a book of Battle

   Spells                             Type                      Level
   a - Infusion                       Charms                       1
   b - Shroud of Golubria             Charms/Translocation         2
   c - Song of Slaying                Charms                       2
   d - Spectral Weapon                Hexes/Charms                 3
   e - Regeneration                   Charms/Necromancy            3
 y - a book of Maledictions

   Spells                             Type                      Level
   a - Corona                         Hexes                        1
   b - Ensorcelled Hibernation        Hexes/Ice                    2
   c - Confuse                        Hexes                        3
   d - Tukima's Dance                 Hexes                        3
   e - Dazzling Spray                 Conjuration/Hexes            3
Comestibles
 d - 4 bread rations {@e1}
 k - 3 meat rations {@e2}
 x - a beef jerky
 z - a royal jelly
 B - 4 chunks of flesh {@w0}


   Skills:
 - Level 2.1 Fighting
 - Level 5.8 Polearms
 - Level 0.6 Armour
 - Level 1.3 Dodging
 - Level 2.0 Spellcasting
 + Level 5.1 Charms
 * Level 4.1 Necromancy


You had 4 spell levels left.
You knew the following spells:

 Your Spells              Type           Power        Failure   Level  Hunger
a - Infusion              Chrm           ##....       10%         1    ##.....
b - Song of Slaying       Chrm           ##......     12%         2    ###....
c - Regeneration          Chrm/Necr      ##........   28%         3    ####...


Dungeon Overview and Level Annotations

Branches:
Dungeon (5/15)
 Temple: D:4-7

Altars:
Cheibriados
Dithmenos
Gozag
Zin
The Shining One

Annotations:
D:5 Gruud's ghost, experienced DsTm


Message History

* * * LOW HITPOINT WARNING * * *
Drink which item? (? for menu, Esc to quit)
You can't drink that!
Drink which item? (? for menu, Esc to quit)
It was a potion of haste.
You feel yourself speed up.
* * * LOW HITPOINT WARNING * * *
You feel sick. The water moccasin barely misses you.
The hound bites you but does no damage.
You are very lightly contaminated with residual magic.
Drink which item? (? for menu, Esc to quit)
It was a potion of cancellation.
Your magical effects are unravelling.
Your magical contamination has completely faded away.
You feel magically purged.
You feel yourself slow down.
Your song has ended.
* * * LOW HITPOINT WARNING * * *
You feel sick. The hound bites you.
* * * LOW HITPOINT WARNING * * *
The water moccasin bites you.
You die...

###....#####....#..#.
##...##+#!$?#+##....#.
#..### #...# ###....
#.##.# #...# #.##..#
#.'..# #...# #(.†...
#.##.# #.Z.# #.##..#
#..### #...# ###....
##...####...####......
###.@h5##'##....####.
##S#.........## ##.
#..........## #..
###........#####.#
##.........##..#
#########....>#
#.....##.. #.#####...
#. ...


You could see a water moccasin, a hound and a quasit.

Vanquished Creatures
  An ogre (D:4)
  A centaur (D:4)
  A hound (D:4)
  A jelly (D:4)
  An iguana (D:4)
  An orc wizard (D:3)
  A hound skeleton (D:5)
  4 gnolls (D:5)
  6 adders
  2 oozes
  2 worms (D:3)
  3 giant geckos
  5 orcs
  6 goblins
  8 hobgoblins
  A jackal (D:5)
  9 kobolds
  2 quokkas
  9 bats
  5 giant cockroaches
  2 giant newts
  10 rats
81 creatures vanquished.

Notes
Turn   | Place    | Note
--------------------------------------------------------------
     0 | D:1      | derrpe the Merfolk Skald began the quest for the Orb.
     0 | D:1      | Reached XP level 1. HP: 16/16 MP: 3/3
   110 | D:1      | Reached skill level 4 in Polearms
   110 | D:1      | Reached XP level 2. HP: 22/22 MP: 5/5
   693 | D:1      | Reached XP level 3. HP: 23/27 MP: 6/6
   714 | D:1      | Reached skill level 5 in Polearms
  1166 | D:2      | Learned a level 2 spell: Song of Slaying
  1170 | D:2      | Learned a level 3 spell: Regeneration
  1506 | D:2      | Reached XP level 4. HP: 31/33 MP: 7/7
  1835 | D:2      | Reached skill level 1 in Necromancy
  2585 | D:3      | Found an opulent altar of Gozag.
  2665 | D:3      | Found a glowing golden altar of the Shining One.
  2699 | D:3      | Reached XP level 5. HP: 5/38 MP: 8/8
  2974 | D:3      | Found a shadowy altar of Dithmenos.
  2975 | D:3      | Found a snail-covered altar of Cheibriados.
  3192 | D:3      | Found a glowing silver altar of Zin.
  3193 | D:3      | Noticed an angel
  3771 | D:4      | Reached XP level 6. HP: 18/44 MP: 9/9
  3979 | D:4      | Noticed a centaur
  3989 | D:4      | Killed a centaur
  4649 | D:5      | Entered Level 5 of the Dungeon
  4673 | D:5      | Reached XP level 7. HP: 50/50 MP: 7/10
  4695 | D:5      | Reached skill level 5 in Charms
  4717 | D:5      | Noticed Gruud's ghost (experienced DsTm)
  4822 | D:5      | Noticed a water moccasin
  4841 | D:5      | HP: 2/50 [poisoned by a water moccasin]
  4841 | D:5      | Slain by a water moccasin

Vault maps used:
D:1:      dpeg_arrival_rooms_c, minivault_11
D:3:      zin_angel, grunt_gozag_statues, minitemple
D:4:      first_bread
D:5:      minmay_temple_entry_nine_rooms, enter_ossuary_1,
          minmay_divided_ellipse

Action                   |  1- 3 |  4- 6 |  7- 9 || total
-------------------------+-------+-------+-------++-------
Melee: Spear             |   120 |       |       ||   120
       Dagger            |    23 |   167 |    27 ||   217
 Cast: Infusion          |     1 |     3 |     1 ||     5
       Song of Slaying   |       |       |     2 ||     2
       Regeneration      |       |       |     1 ||     1
  Use: Potion            |       |       |     2 ||     2
  Eat: Chunk             |     2 |    10 |     1 ||    13
